Thunderbirds vs Punishers
(R1)
Created - May 8, 2025 at 09:57
Goals
|
| Thunderbirds |
0 |
2 |
3 |
1 |
6 |
| Punishers |
0 |
0 |
5 |
0 |
5 |
|
Shots
|
| Thunderbirds |
13 |
18 |
8 |
1 |
40 |
| Punishers |
3 |
4 |
12 |
2 |
21 |
|
1st period
No Goal
Penalties :
Vinni Lettieri (Pro) for Roughing (Minor) at 10:51, Dylan Sikura (Spr) for Interference (Minor) at 15:38, Kurtis Gabriel (Pro) for Tripping (Minor) at 19:06
2nd period
1. Thunderbirds , Rourke Chartier 39 (Joachim Blichfeld 52, Jeremy Lauzon 46) at 0:37 (PP)
2. Thunderbirds , Pierre Engvall 12 (Joachim Blichfeld 53, Rourke Chartier 64) at 17:04
Penalties :
Kurtis Gabriel (Pro) for High sticking (Minor) at 0:50, Sami Niku (Spr) for Interference (Minor) at 9:24, Daniel Audette (Pro) for Hooking (Minor) at 12:45, Dylan Blujus (Spr) for High sticking (Minor) at 17:05
3rd period
3. Thunderbirds , Joachim Blichfeld 59 (Rourke Chartier 65, Pierre Engvall 28) at 0:48
4. Thunderbirds , Anthony Richard 28 (Dylan Blujus 14) at 1:03
5. Thunderbirds , Rourke Chartier 40 (Dylan Blujus 15) at 3:20
6. Punishers , Kurtis Gabriel 41 (Nelson Nogier 12) at 6:38
7. Punishers , Ben Betker 13 (Oskar Lindblom 51, Cal Petersen) at 7:08 (PP)
8. Punishers , Oskar Lindblom 45 (Kurtis Gabriel 41, Daniel Audette 38) at 8:17 (PP)
9. Punishers , Kole Lind 25 (Joel Kiviranta 21, Ben Meyers 6) at 9:15
10. Punishers , Daniel Audette 26 (Oskar Lindblom 52, Kurtis Gabriel 42) at 11:54
Penalties :
Joachim Blichfeld (Spr) for Hooking (Minor) at 1:44, Adam Ruzicka (Pro) for Roughing (Minor) at 2:55, Dylan Blujus (Spr) for Slashing (Minor) at 6:58, Michael Rasmussen (Spr) for Tripping (Minor) at 8:07, Michael Rasmussen (Spr) for Holding (Minor) at 12:26
Overtime #1
11. Thunderbirds , Anthony Richard 29 (Rourke Chartier 66) at 2:00
Penalties :
No Penalty
Goalie Stats
Marc-André Fleury (Spr), 16 saves from 21 shots - (0.762), W, 4-5-0, 62:00 minutes
Cal Petersen (Pro), 34 saves from 40 shots - (0.850), OTL, 8-11-5, 62:00 minutes
Players Stats for Thunderbirds
Player Name G A P +/- PIM S H SB GA TA FO MP PP MP PK MP
------------------------------------------------------------------------------------
0 0 0 0 0 0 0 0 0 0 0/0 0:00 0:00 0:00
0 0 0 0 0 0 0 0 0 0 0/0 0:00 0:00 0:00
0 0 0 0 0 0 0 0 0 0 0/0 0:00 0:00 0:00
0 0 0 0 0 0 0 0 0 0 0/0 0:00 0:00 0:00
0 0 0 0 0 0 0 0 0 0 0/0 0:00 0:00 0:00
0 0 0 0 0 0 0 0 0 0 0/0 0:00 0:00 0:00
0 0 0 0 0 0 0 0 0 0 0/0 0:00 0:00 0:00
Anthony Richard 2 0 2 2 0 3 3 0 1 0 5/12 16:54 2:52 3:08
Artturi Lehkonen 0 0 0 -1 0 3 1 0 0 0 0/0 9:46 0:00 1:20
Dylan Blujus 0 2 2 2 4 1 1 0 1 0 0/0 21:06 1:11 3:30
Dylan Sikura 0 0 0 1 2 0 2 1 0 0 1/1 13:17 0:00 2:11
Emil Bemstrom 0 0 0 -1 0 1 1 0 0 0 0/0 10:59 2:52 0:00
Frederic Allard 0 0 0 0 0 0 0 0 0 1 0/0 14:22 0:00 4:43
Henri Jokiharju 0 0 0 1 0 0 0 2 0 0 0/0 27:50 3:30 4:56
Jeremy Lauzon 0 1 1 0 0 1 0 1 0 0 0/0 29:51 5:09 4:59
Joachim Blichfeld 1 2 3 1 2 10 3 1 2 1 0/1 20:29 5:47 0:00
Matt Roy 0 0 0 0 0 3 2 0 0 1 0/0 15:39 2:19 0:46
Michael Rasmussen 0 0 0 2 4 0 1 0 0 0 0/0 17:43 5:47 0:00
Noah Gregor 0 0 0 0 0 0 1 1 0 0 13/18 14:20 0:00 5:21
Paul Cotter 0 0 0 -1 0 1 0 0 0 1 1/1 7:19 0:00 0:00
Pierre Engvall 1 1 2 1 0 4 2 2 0 1 0/0 22:24 2:52 5:06
Rasmus Kupari 0 0 0 -1 0 1 1 0 0 0 2/4 7:54 0:00 0:00
Rourke Chartier 2 3 5 2 0 7 3 1 0 0 13/31 21:21 5:47 0:00
Sami Niku 0 0 0 0 2 0 0 0 0 0 0/0 14:23 5:09 0:00
Trey Fix-Wolansky 0 0 0 -1 0 5 2 0 0 0 1/1 10:01 0:00 1:48
Players Stats for Punishers
Player Name G A P +/- PIM S H SB GA TA FO MP PP MP PK MP
------------------------------------------------------------------------------------
0 0 0 0 0 0 0 0 0 0 0/0 0:00 0:00 0:00
0 0 0 0 0 0 0 0 0 0 0/0 0:00 0:00 0:00
0 0 0 0 0 0 0 0 0 0 0/0 0:00 0:00 0:00
0 0 0 0 0 0 0 0 0 0 0/0 0:00 0:00 0:00
0 0 0 0 0 0 0 0 0 0 0/0 0:00 0:00 0:00
0 0 0 0 0 0 0 0 0 0 0/0 0:00 0:00 0:00
0 0 0 0 0 0 0 0 0 0 0/0 0:00 0:00 0:00
Adam Ruzicka 0 0 0 0 2 1 5 0 0 0 2/5 16:21 4:00 2:03
Ben Betker 1 0 1 -2 0 2 1 2 0 0 0/0 29:56 5:16 5:42
Ben Meyers 0 1 1 0 0 0 5 0 0 0 3/7 10:15 0:00 0:18
Braden Tracey 0 0 0 0 0 2 0 0 0 0 0/1 7:11 0:00 0:00
Daniel Audette 1 1 2 -1 2 2 1 0 0 0 21/39 24:29 4:55 3:58
Jack Ahcan 0 0 0 1 0 1 0 3 0 0 0/0 10:25 0:00 0:00
Jesse Ylonen 0 0 0 0 0 2 2 0 0 0 0/1 7:47 0:25 0:00
Joel Kiviranta 0 1 1 0 0 1 0 0 0 0 0/0 12:07 0:25 1:23
Kole Lind 1 0 1 -1 0 2 3 0 0 0 0/1 13:53 0:34 2:20
Kurtis Gabriel 1 2 3 0 4 2 0 0 0 0 1/1 18:49 4:55 0:00
Nelson Nogier 0 1 1 -1 0 0 1 4 0 1 0/0 20:57 4:11 2:57
Nicolas Beaudin 0 0 0 1 0 2 0 0 1 1 0/0 10:25 0:00 0:00
Niko Mikkola 0 0 0 0 0 0 0 0 1 1 0/0 20:19 4:11 2:57
Noah Juulsen 0 0 0 -2 0 2 4 2 1 0 0/0 29:58 5:16 5:42
Oskar Lindblom 1 2 3 -2 0 1 1 0 0 1 1/5 25:50 4:58 5:07
Ryan Suzuki 0 0 0 0 0 0 0 0 2 0 4/8 7:11 0:00 0:00
Vinni Lettieri 0 0 0 0 2 1 1 0 0 0 1/1 14:24 4:04 0:00
Warren Foegele 0 0 0 0 0 0 1 0 0 0 0/0 16:11 4:04 2:09
3 Stars
1 - Rourke Chartier (Spr)
2 - Anthony Richard (Spr)
3 - Joachim Blichfeld (Spr)
Power Play
Thunderbirds - 1 on 5 Attempt(s) - 20.00%
Punishers - 2 on 7 Attempt(s) - 28.57%
Penalty Kill
Thunderbirds - 5 on 7 Attempt(s) - 71.43%
- Score 0 goal in Penalty Kill
Punishers - 4 on 5 Attempt(s) - 80.00%
- Score 0 goal in Penalty Kill
Team Stat
Thunderbirds - Hits : 23 - Faceoff Wins : 36 - Blocked Shots : 9 - Penalty Minutes : 14
Punishers - Hits : 25 - Faceoff Wins : 33 - Blocked Shots : 11 - Penalty Minutes : 10
Official
Referees : Francis Charron and Wes McCauley
Linesman : Mark Shewchyk and Vaughan Rody
Game Notes
No Game Note
Finance
Level 1 -- Attendance: 1854 (92.70%) -- Ticket Income $129,780
Level 2 -- Attendance: 990 (99.00%) -- Ticket Income $39,600
Total Attendance: 2844 (94.80%)
Total Ticket Income: $169,380
Other Income: $8,469
Total Income: $177,849
Thunderbirds
5 vs 5 Forward
Center Left Wing Right Wing Time % Phy DF OF
1 Rourke Chartier Pierre Engvall Joachim Blichfeld 40 1 2 2
2 Anthony Richard Michael Rasmussen Dylan Sikura 30 1 2 2
3 Noah Gregor Artturi Lehkonen Emil Bemstrom 20 1 2 2
4 Rasmus Kupari Paul Cotter Trey Fix-Wolansky 10 1 2 2
5 vs 5 Defense
Defense Defense Time % Phy DF OF
1 Jeremy Lauzon Henri Jokiharju 40 1 2 2
2 Dylan Blujus Matt Roy 30 1 2 2
3 Frederic Allard Sami Niku 20 1 2 2
4 Jeremy Lauzon Dylan Blujus 10 1 2 2
PowerPlay Forward
Center Left Wing Right Wing Time % Phy DF OF
1 Rourke Chartier Michael Rasmussen Joachim Blichfeld 60 1 2 2
2 Anthony Richard Pierre Engvall Emil Bemstrom 40 1 2 2
PowerPlay Defense
Defense Defense Time % Phy DF OF
1 Sami Niku Jeremy Lauzon 60 1 2 2
2 Matt Roy Henri Jokiharju 40 1 2 2
Penalty Kill 4 Players Forward
Center Wing Time % Phy DF OF
1 Noah Gregor Pierre Engvall 60 1 2 2
2 Anthony Richard Dylan Sikura 40 1 2 2
Penalty Kill 4 Players Defense
Defense Defense Time % Phy DF OF
1 Henri Jokiharju Jeremy Lauzon 60 1 2 2
2 Dylan Blujus Frederic Allard 40 1 2 2
Penalty Kill - 3 Players Forward
Forward Time % Phy DF OF
1 Noah Gregor 60 1 2 2
2 Anthony Richard 40 1 2 2
Penalty Kill - 3 Players Defense
Defense Defense Time % Phy DF OF
1 Dylan Blujus Henri Jokiharju 60 1 2 2
2 Jeremy Lauzon Frederic Allard 40 1 2 2
4 vs 4 Forward
Center Wing Time % Phy DF OF
1 Rourke Chartier Michael Rasmussen 60 1 2 2
2 Anthony Richard Pierre Engvall 40 1 2 2
4 vs 4 Defense
Defense Defense Time % Phy DF OF
1 Henri Jokiharju Dylan Blujus 60 1 2 2
2 Matt Roy Jeremy Lauzon 40 1 2 2
Last Minutes Offensive
Center Left Wing Right Wing Defense Defense
Rourke Chartier Pierre Engvall Joachim Blichfeld Jeremy Lauzon Sami Niku
Last Minutes Defensive
Center Left Wing Right Wing Defense Defense
Noah Gregor Artturi Lehkonen Pierre Engvall Henri Jokiharju Frederic Allard
Goaltenders
Starting : Marc-André Fleury
Backup : Emil Larmi
Extra Forwards
Normal : Rasmus Kupari, Dylan Sikura, Trey Fix-Wolansky - PP : Noah Gregor, Artturi Lehkonen - PK : Trey Fix-Wolansky
Extra Defensemen
Normal : Frederic Allard, Sami Niku, Jeremy Lauzon - PP : Sami Niku - PK : Frederic Allard, Dylan Blujus
Penalty Shots
Rourke Chartier, Anthony Richard, Joachim Blichfeld, Trey Fix-Wolansky, Rasmus Kupari
Custom OT Lines Forwards
Rourke Chartier, Pierre Engvall, Dylan Sikura, Joachim Blichfeld, Anthony Richard, Noah Gregor, Artturi Lehkonen, Michael Rasmussen, Emil Bemstrom, Paul Cotter
Custom OT Lines Defensemen
Jeremy Lauzon, Henri Jokiharju, Dylan Blujus, Frederic Allard, Matt Roy
Scratches
Nathan Smith (Healthy), Calen Addison (Healthy), Jared McIsaac (Healthy), Alex Vlasic (Healthy), Jakob Pelletier (Healthy)
Nicholas Robertson (Healthy), Arturs Silovs (Healthy)
Punishers
5 vs 5 Forward
Center Left Wing Right Wing Time % Phy DF OF
1 Daniel Audette Oskar Lindblom Kurtis Gabriel 40 1 2 2
2 Adam Ruzicka Warren Foegele Vinni Lettieri 30 1 2 2
3 Ben Meyers Joel Kiviranta Kole Lind 20 1 2 2
4 Ryan Suzuki Braden Tracey Jesse Ylonen 10 1 2 2
5 vs 5 Defense
Defense Defense Time % Phy DF OF
1 Noah Juulsen Ben Betker 40 1 2 2
2 Nelson Nogier Niko Mikkola 30 1 2 2
3 Nicolas Beaudin Jack Ahcan 20 1 2 2
4 Noah Juulsen Ben Betker 10 1 2 2
PowerPlay Forward
Center Left Wing Right Wing Time % Phy DF OF
1 Daniel Audette Oskar Lindblom Kurtis Gabriel 60 1 2 2
2 Adam Ruzicka Warren Foegele Vinni Lettieri 40 1 2 2
PowerPlay Defense
Defense Defense Time % Phy DF OF
1 Noah Juulsen Ben Betker 60 1 2 2
2 Nelson Nogier Niko Mikkola 40 1 2 2
Penalty Kill 4 Players Forward
Center Wing Time % Phy DF OF
1 Daniel Audette Oskar Lindblom 60 1 2 2
2 Adam Ruzicka Warren Foegele 40 1 2 2
Penalty Kill 4 Players Defense
Defense Defense Time % Phy DF OF
1 Noah Juulsen Ben Betker 60 1 2 2
2 Nelson Nogier Niko Mikkola 40 1 2 2
Penalty Kill - 3 Players Forward
Forward Time % Phy DF OF
1 Daniel Audette 60 1 2 2
2 Adam Ruzicka 40 1 2 2
Penalty Kill - 3 Players Defense
Defense Defense Time % Phy DF OF
1 Noah Juulsen Ben Betker 60 1 2 2
2 Nelson Nogier Niko Mikkola 40 1 2 2
4 vs 4 Forward
Center Wing Time % Phy DF OF
1 Daniel Audette Oskar Lindblom 60 1 2 2
2 Adam Ruzicka Warren Foegele 40 1 2 2
4 vs 4 Defense
Defense Defense Time % Phy DF OF
1 Noah Juulsen Ben Betker 60 1 2 2
2 Nelson Nogier Niko Mikkola 40 1 2 2
Last Minutes Offensive
Center Left Wing Right Wing Defense Defense
Daniel Audette Oskar Lindblom Kurtis Gabriel Noah Juulsen Ben Betker
Last Minutes Defensive
Center Left Wing Right Wing Defense Defense
Daniel Audette Oskar Lindblom Kurtis Gabriel Noah Juulsen Ben Betker
Goaltenders
Starting : Cal Petersen
Backup : Antoine Bibeau
Extra Forwards
Normal : Kole Lind, Adam Ruzicka, Warren Foegele - PP : Kole Lind, Warren Foegele - PK : Kole Lind
Extra Defensemen
Normal : Niko Mikkola, Nicolas Beaudin, Jack Ahcan - PP : Niko Mikkola - PK : Niko Mikkola, Nicolas Beaudin
Penalty Shots
Oskar Lindblom, Kurtis Gabriel, Daniel Audette, Vinni Lettieri, Kole Lind
Custom OT Lines Forwards
Oskar Lindblom, Kurtis Gabriel, Daniel Audette, Vinni Lettieri, Kole Lind, Warren Foegele, Braden Tracey, Joel Kiviranta, Adam Ruzicka, Ben Meyers
Custom OT Lines Defensemen
Noah Juulsen, Ben Betker, Nelson Nogier, Niko Mikkola, Nicolas Beaudin
Scratches
Rasmus Sandin (Healthy), Urho Vaakanainen (Healthy), Karson Kuhlman (Healthy), Carson Meyer (Healthy), Walker Duehr (Healthy)
Marcus Karlberg (Healthy), Lassi Thomson (Healthy), Jack LaFontaine (Healthy), Carter Gylander (Healthy)
% Time on Ice - Thunderbirds
Lines # - Real PCT - Wanted PCT - Time Play
Normal Forward
1 - 37% - 40% - 15:15
2 - 26% - 30% - 10:42
3 - 19% - 20% - 7:50
4 - 18% - 10% - 7:19
Normal Defense
1 - 42% - 40% - 17:23
2 - 34% - 30% - 13:50
3 - 20% - 20% - 8:23
4 - 4% - 10% - 1:30
PP Forward
1 - 67% - 60% - 5:47
2 - 33% - 40% - 2:52
PP Defense
1 - 73% - 60% - 6:20
2 - 27% - 40% - 2:19
PK Forward
1 - 71% - 60% - 6:40
2 - 29% - 40% - 2:47
PK Defense
1 - 50% - 60% - 4:44
2 - 50% - 40% - 4:43
PK3 Forward
1 - 0% - 60%
2 - 0% - 40%
PK3 Defense
1 - 0% - 60%
2 - 0% - 40%
44 Forward
1 - 100% - 60% - 0:48
2 - 0% - 40% - 0:00
44 Defense
1 - 100% - 60% - 0:48
2 - 0% - 40% - 0:00
Last Minute Offensive - 0:00
Last Minute Defensive - 0:00
Total
Forward - 60:00
Defense - 60:00
|
% Time on Ice - Punishers
Lines # - Real PCT - Wanted PCT - Time Play
Normal Forward
1 - 36% - 40% - 14:45
2 - 22% - 30% - 9:13
3 - 24% - 20% - 9:57
4 - 17% - 10% - 7:11
Normal Defense
1 - 41% - 40% - 16:58
2 - 32% - 30% - 13:11
3 - 25% - 20% - 10:25
4 - 1% - 10% - 0:32
PP Forward
1 - 57% - 60% - 5:23
2 - 43% - 40% - 4:04
PP Defense
1 - 56% - 60% - 5:16
2 - 44% - 40% - 4:11
PK Forward
1 - 77% - 60% - 6:41
2 - 23% - 40% - 1:58
PK Defense
1 - 66% - 60% - 5:42
2 - 34% - 40% - 2:57
PK3 Forward
1 - 0% - 60%
2 - 0% - 40%
PK3 Defense
1 - 0% - 60%
2 - 0% - 40%
44 Forward
1 - 100% - 60% - 0:48
2 - 0% - 40% - 0:00
44 Defense
1 - 100% - 60% - 0:48
2 - 0% - 40% - 0:00
Last Minute Offensive - 0:00
Last Minute Defensive - 0:00
Total
Forward - 60:00
Defense - 60:00
|
Play-by-Play
1st period
0:01 of 1st period - Daniel Audette wins face-off versus Rourke Chartier in neutral zone.
1:42 of 1st period - Rourke Chartier is hit by Ben Meyers and loses puck.
1:49 of 1st period - Ben Meyers is hit by Rourke Chartier and loses puck.
2:25 of 1st period - Henri Jokiharju is hit by Jesse Ylonen and loses puck.
3:35 of 1st period - Off-side.
3:36 of 1st period - Rourke Chartier wins face-off versus Braden Tracey in neutral zone.
3:44 of 1st period - Snap shot by Joachim Blichfeld.
3:44 of 1st period - Stopped by Cal Petersen without a rebound.
3:45 of 1st period - Anthony Richard wins face-off versus Daniel Audette in Punishers zone.
3:50 of 1st period - Slapshot by Michael Rasmussen.
3:50 of 1st period - Shot Misses the Net.
3:52 of 1st period - Wrist shot by Dylan Sikura.
3:52 of 1st period - Shot Blocked by Noah Juulsen.
3:54 of 1st period - Slapshot by Matt Roy.
3:54 of 1st period - Stopped by Cal Petersen with a rebound.
4:18 of 1st period - Snap shot by Rourke Chartier.
4:18 of 1st period - Shot Blocked by Jack Ahcan.
4:22 of 1st period - Snap shot by Joachim Blichfeld.
4:22 of 1st period - Stopped by Cal Petersen with a rebound.
4:24 of 1st period - Wrist shot by Joachim Blichfeld.
4:24 of 1st period - Shot Blocked by Jack Ahcan.
4:26 of 1st period - Slapshot by Matt Roy.
4:26 of 1st period - Stopped by Cal Petersen without a rebound.
4:27 of 1st period - Noah Gregor wins face-off versus Ben Meyers in Punishers zone.
4:30 of 1st period - Wrist shot by Artturi Lehkonen.
4:30 of 1st period - Stopped by Cal Petersen without a rebound.
4:31 of 1st period - Noah Gregor wins face-off versus Ben Meyers in Punishers zone.
4:46 of 1st period - Wrist shot by Emil Bemstrom.
4:46 of 1st period - Shot Misses the Net.
5:16 of 1st period - Dylan Sikura is hit by Vinni Lettieri and loses puck.
5:44 of 1st period - Icing by Trey Fix-Wolansky.
5:45 of 1st period - Paul Cotter wins face-off versus Daniel Audette in Thunderbirds zone.
6:09 of 1st period - Backhand shot by Rasmus Kupari.
6:09 of 1st period - Stopped by Cal Petersen with a rebound.
7:11 of 1st period - Snap shot by Rasmus Kupari.
7:11 of 1st period - Deflect By Paul Cotter.
7:11 of 1st period - Shot Blocked by Jack Ahcan.
7:11 of 1st period - Puck is out of play.
7:12 of 1st period - Daniel Audette wins face-off versus Rourke Chartier in Punishers zone.
7:25 of 1st period - Snap shot by Kurtis Gabriel.
7:25 of 1st period - Shot Misses the Net.
7:27 of 1st period - Snap shot by Daniel Audette.
7:27 of 1st period - Shot Blocked by Joachim Blichfeld.
7:57 of 1st period - Wrist shot by Adam Ruzicka.
7:57 of 1st period - Shot Misses the Net.
8:01 of 1st period - Backhand shot by Jesse Ylonen.
8:01 of 1st period - Shot Blocked by Henri Jokiharju.
8:03 of 1st period - Slapshot by Noah Juulsen.
8:03 of 1st period - Shot Misses the Net.
8:05 of 1st period - Slapshot by Noah Juulsen.
8:05 of 1st period - Shot Misses the Net.
8:39 of 1st period - Henri Jokiharju is hit by Ben Meyers and loses puck.
8:58 of 1st period - Matt Roy is hit by Adam Ruzicka and loses puck.
9:03 of 1st period - Wrist shot by Adam Ruzicka.
9:03 of 1st period - Stopped by Marc-André Fleury without a rebound.
9:04 of 1st period - Daniel Audette wins face-off versus Rourke Chartier in Thunderbirds zone.
9:13 of 1st period - Jack Ahcan is hit by Pierre Engvall and loses puck.
10:30 of 1st period - Kurtis Gabriel is hit by Anthony Richard.
10:51 of 1st period - Minor Penalty to Vinni Lettieri for Roughing.
10:52 of 1st period - Daniel Audette wins face-off versus Joachim Blichfeld in Punishers zone.
11:03 of 1st period - Snap shot by Rourke Chartier.
11:03 of 1st period - Deflect By Ben Betker.
11:03 of 1st period - Stopped by Cal Petersen without a rebound.
11:04 of 1st period - Daniel Audette wins face-off versus Rourke Chartier in Punishers zone.
11:43 of 1st period - Wrist shot by Emil Bemstrom.
11:43 of 1st period - Deflect By Pierre Engvall.
11:43 of 1st period - Stopped by Cal Petersen with a rebound.
12:51 of 1st period - Penalty to Vinni Lettieri is over, Vinni Lettieri is back on ice.
13:03 of 1st period - Slapshot by Nicolas Beaudin.
13:03 of 1st period - Stopped by Marc-André Fleury without a rebound.
13:04 of 1st period - Ryan Suzuki wins face-off versus Rasmus Kupari in Thunderbirds zone.
13:13 of 1st period - Matt Roy is hit by Jesse Ylonen and loses puck.
13:39 of 1st period - Wrist shot by Rasmus Kupari.
13:39 of 1st period - Shot Blocked by Nelson Nogier.
13:53 of 1st period - Snap shot by Rasmus Kupari.
13:53 of 1st period - Shot Blocked by Nelson Nogier.
13:55 of 1st period - Wrist shot by Matt Roy.
13:55 of 1st period - Stopped by Cal Petersen without a rebound.
13:56 of 1st period - Daniel Audette wins face-off versus Rourke Chartier in Punishers zone.
14:44 of 1st period - Off-side.
14:45 of 1st period - Ben Meyers wins face-off versus Noah Gregor in neutral zone.
15:19 of 1st period - Wrist shot by Rourke Chartier.
15:19 of 1st period - Shot Blocked by Ben Betker.
15:21 of 1st period - Snap shot by Joachim Blichfeld.
15:21 of 1st period - Deflect By Pierre Engvall.
15:21 of 1st period - Shot Misses the Net.
15:21 of 1st period - Puck is out of play.
15:22 of 1st period - Anthony Richard wins face-off versus Adam Ruzicka in Punishers zone.
15:38 of 1st period - Minor Penalty to Dylan Sikura for Interference.
15:39 of 1st period - Noah Gregor wins face-off versus Daniel Audette in Thunderbirds zone.
15:51 of 1st period - Snap shot by Noah Juulsen.
15:51 of 1st period - Stopped by Marc-André Fleury with a rebound.
16:05 of 1st period - Jeremy Lauzon is hit by Noah Juulsen and loses puck.
16:16 of 1st period - Wrist shot by Noah Gregor.
16:16 of 1st period - Shot Misses the Net.
16:18 of 1st period - Snap shot by Pierre Engvall.
16:18 of 1st period - Stopped by Cal Petersen without a rebound.
16:19 of 1st period - Noah Gregor wins face-off versus Daniel Audette in Punishers zone.
16:28 of 1st period - Snap shot by Oskar Lindblom.
16:28 of 1st period - Shot Misses the Net.
16:44 of 1st period - Anthony Richard is hit by Warren Foegele and loses puck.
17:38 of 1st period - Penalty to Dylan Sikura is over, Dylan Sikura is back on ice.
17:59 of 1st period - Kole Lind is hit by Michael Rasmussen.
18:03 of 1st period - Dylan Blujus is hit by Kole Lind.
18:14 of 1st period - Noah Juulsen is hit by Matt Roy and loses puck.
18:35 of 1st period - Matt Roy is hit by Daniel Audette.
18:53 of 1st period - Wrist shot by Paul Cotter.
18:53 of 1st period - Deflect By Joel Kiviranta.
18:53 of 1st period - Stopped by Cal Petersen without a rebound.
18:54 of 1st period - Rasmus Kupari wins face-off versus Daniel Audette in Punishers zone.
18:59 of 1st period - Wrist shot by Trey Fix-Wolansky.
18:59 of 1st period - Stopped by Cal Petersen with a rebound.
19:01 of 1st period - Slapshot by Jeremy Lauzon.
19:01 of 1st period - Deflect By Trey Fix-Wolansky.
19:01 of 1st period - Stopped by Cal Petersen without a rebound.
19:02 of 1st period - Rourke Chartier wins face-off versus Oskar Lindblom in Punishers zone.
19:06 of 1st period - Minor Penalty to Kurtis Gabriel for Tripping.
19:07 of 1st period - Rourke Chartier wins face-off versus Daniel Audette in Punishers zone.
19:21 of 1st period - Snap shot by Rourke Chartier.
19:21 of 1st period - Deflect By Joachim Blichfeld.
19:21 of 1st period - Shot Misses the Net.
19:21 of 1st period - Puck is out of play.
19:22 of 1st period - Daniel Audette wins face-off versus Rourke Chartier in Punishers zone.
19:37 of 1st period - Snap shot by Rourke Chartier.
19:37 of 1st period - Shot Misses the Net.
19:47 of 1st period - Ben Betker is hit by Pierre Engvall.
19:53 of 1st period - Nelson Nogier is hit by Emil Bemstrom and loses puck.
Goals for this period are 0 for Thunderbirds vs 0 for Punishers.
Shots for this period are 13 for Thunderbirds vs 3 for Punishers.
2nd period
0:01 of 2nd period - Rourke Chartier wins face-off versus Daniel Audette in neutral zone.
0:04 of 2nd period - Oskar Lindblom is hit by Rourke Chartier and loses puck.
0:09 of 2nd period - Wrist shot by Rourke Chartier.
0:09 of 2nd period - Stopped by Cal Petersen without a rebound.
0:10 of 2nd period - Rourke Chartier wins face-off versus Daniel Audette in Punishers zone.
0:33 of 2nd period - Snap shot by Joachim Blichfeld.
0:33 of 2nd period - Stopped by Cal Petersen with a rebound.
0:37 of 2nd period - Slapshot by Rourke Chartier.
0:37 of 2nd period - Goal by Rourke Chartier - Thunderbirds : 1 - Punishers : 0.
0:38 of 2nd period - Daniel Audette wins face-off versus Rourke Chartier in neutral zone.
0:50 of 2nd period - Minor Penalty to Kurtis Gabriel for High sticking.
0:51 of 2nd period - Daniel Audette wins face-off versus Rourke Chartier in Punishers zone.
1:03 of 2nd period - Slapshot by Jeremy Lauzon.
1:03 of 2nd period - Shot Misses the Net.
1:05 of 2nd period - Snap shot by Joachim Blichfeld.
1:05 of 2nd period - Shot Misses the Net.
1:17 of 2nd period - Pierre Engvall is hit by Noah Juulsen and loses puck.
2:50 of 2nd period - Penalty to Kurtis Gabriel is over, Kurtis Gabriel is back on ice.
3:18 of 2nd period - Noah Gregor is hit by Ben Meyers and loses puck.
3:39 of 2nd period - Sami Niku is hit by Kole Lind.
4:01 of 2nd period - Snap shot by Jesse Ylonen.
4:01 of 2nd period - Deflect By Braden Tracey.
4:01 of 2nd period - Stopped by Marc-André Fleury without a rebound.
4:02 of 2nd period - Noah Gregor wins face-off versus Ryan Suzuki in Thunderbirds zone.
4:11 of 2nd period - Wrist shot by Jeremy Lauzon.
4:11 of 2nd period - Shot Misses the Net.
4:21 of 2nd period - Wrist shot by Trey Fix-Wolansky.
4:21 of 2nd period - Stopped by Cal Petersen with a rebound.
4:27 of 2nd period - Kurtis Gabriel is hit by Dylan Blujus and loses puck.
5:51 of 2nd period - Off-side.
5:52 of 2nd period - Rourke Chartier wins face-off versus Daniel Audette in neutral zone.
5:55 of 2nd period - Wrist shot by Rourke Chartier.
5:55 of 2nd period - Shot Blocked by Noah Juulsen.
5:57 of 2nd period - Snap shot by Frederic Allard.
5:57 of 2nd period - Shot Misses the Net.
5:59 of 2nd period - Wrist shot by Joachim Blichfeld.
5:59 of 2nd period - Stopped by Cal Petersen without a rebound.
6:00 of 2nd period - Rourke Chartier wins face-off versus Oskar Lindblom in Punishers zone.
6:27 of 2nd period - Michael Rasmussen is hit by Adam Ruzicka.
6:46 of 2nd period - Off-side.
6:47 of 2nd period - Noah Gregor wins face-off versus Ben Meyers in neutral zone.
6:50 of 2nd period - Kole Lind is hit by Artturi Lehkonen and loses puck.
7:34 of 2nd period - Snap shot by Emil Bemstrom.
7:34 of 2nd period - Stopped by Cal Petersen without a rebound.
7:35 of 2nd period - Daniel Audette wins face-off versus Rourke Chartier in Punishers zone.
8:31 of 2nd period - Wrist shot by Trey Fix-Wolansky.
8:31 of 2nd period - Stopped by Cal Petersen with a rebound.
8:51 of 2nd period - Wrist shot by Rourke Chartier.
8:51 of 2nd period - Stopped by Cal Petersen without a rebound.
8:52 of 2nd period - Rourke Chartier wins face-off versus Ryan Suzuki in Punishers zone.
9:14 of 2nd period - Backhand shot by Jesse Ylonen.
9:14 of 2nd period - Shot Misses the Net.
9:16 of 2nd period - Wrist shot by Jesse Ylonen.
9:16 of 2nd period - Shot Misses the Net.
9:18 of 2nd period - Backhand shot by Braden Tracey.
9:18 of 2nd period - Deflect By Jesse Ylonen.
9:18 of 2nd period - Stopped by Marc-André Fleury without a rebound.
9:19 of 2nd period - Oskar Lindblom wins face-off versus Anthony Richard in Thunderbirds zone.
9:22 of 2nd period - Snap shot by Kurtis Gabriel.
9:22 of 2nd period - Shot Blocked by Dylan Sikura.
9:24 of 2nd period - Minor Penalty to Sami Niku for Interference.
9:25 of 2nd period - Noah Gregor wins face-off versus Oskar Lindblom in Thunderbirds zone.
9:25 of 2nd period - Noah Gregor is hit by Oskar Lindblom.
10:21 of 2nd period - Oskar Lindblom is hit by Anthony Richard and loses puck.
11:18 of 2nd period - Dylan Blujus is hit by Ben Betker and loses puck.
11:24 of 2nd period - Penalty to Sami Niku is over, Sami Niku is back on ice.
11:39 of 2nd period - Noah Juulsen is hit by Noah Gregor and loses puck.
12:02 of 2nd period - Snap shot by Pierre Engvall.
12:02 of 2nd period - Stopped by Cal Petersen without a rebound.
12:03 of 2nd period - Anthony Richard wins face-off versus Ryan Suzuki in Punishers zone.
12:34 of 2nd period - Wrist shot by Vinni Lettieri.
12:34 of 2nd period - Shot Blocked by Jeremy Lauzon.
12:36 of 2nd period - Slapshot by Jack Ahcan.
12:36 of 2nd period - Stopped by Marc-André Fleury without a rebound.
12:37 of 2nd period - Daniel Audette wins face-off versus Anthony Richard in Thunderbirds zone.
12:38 of 2nd period - Wrist shot by Oskar Lindblom.
12:38 of 2nd period - Shot Misses the Net.
12:45 of 2nd period - Minor Penalty to Daniel Audette for Hooking.
12:46 of 2nd period - Rourke Chartier wins face-off versus Kole Lind in Punishers zone.
12:46 of 2nd period - Snap shot by Joachim Blichfeld.
12:46 of 2nd period - Stopped by Cal Petersen with a rebound.
14:30 of 2nd period - Michael Rasmussen is hit by Adam Ruzicka and loses puck.
14:45 of 2nd period - Penalty to Daniel Audette is over, Daniel Audette is back on ice.
14:56 of 2nd period - Slapshot by Nicolas Beaudin.
14:56 of 2nd period - Stopped by Marc-André Fleury without a rebound.
14:57 of 2nd period - Rasmus Kupari wins face-off versus Jesse Ylonen in Thunderbirds zone.
15:04 of 2nd period - Snap shot by Trey Fix-Wolansky.
15:04 of 2nd period - Stopped by Cal Petersen without a rebound.
15:05 of 2nd period - Ryan Suzuki wins face-off versus Rasmus Kupari in Punishers zone.
15:05 of 2nd period - Ryan Suzuki is hit by Rasmus Kupari.
15:08 of 2nd period - Icing by Nelson Nogier.
15:09 of 2nd period - Ryan Suzuki wins face-off versus Rourke Chartier in Punishers zone.
15:18 of 2nd period - Wrist shot by Rourke Chartier.
15:18 of 2nd period - Shot Blocked by Nelson Nogier.
15:20 of 2nd period - Slapshot by Henri Jokiharju.
15:20 of 2nd period - Deflect By Rourke Chartier.
15:20 of 2nd period - Stopped by Cal Petersen with a rebound.
15:22 of 2nd period - Snap shot by Joachim Blichfeld.
15:22 of 2nd period - Stopped by Cal Petersen without a rebound.
15:23 of 2nd period - Daniel Audette wins face-off versus Rourke Chartier in Punishers zone.
15:31 of 2nd period - Snap shot by Joachim Blichfeld.
15:31 of 2nd period - Stopped by Cal Petersen without a rebound.
15:32 of 2nd period - Daniel Audette wins face-off versus Rourke Chartier in Punishers zone.
16:22 of 2nd period - Slapshot by Rourke Chartier.
16:22 of 2nd period - Stopped by Cal Petersen with a rebound.
16:24 of 2nd period - Slapshot by Jeremy Lauzon.
16:24 of 2nd period - Stopped by Cal Petersen with a rebound.
17:02 of 2nd period - Slapshot by Joachim Blichfeld.
17:02 of 2nd period - Stopped by Cal Petersen with a rebound.
17:04 of 2nd period - Backhand shot by Pierre Engvall.
17:04 of 2nd period - Goal by Pierre Engvall - Thunderbirds : 2 - Punishers : 0.
17:05 of 2nd period - Dylan Sikura wins face-off versus Adam Ruzicka in neutral zone.
17:05 of 2nd period - Minor Penalty to Dylan Blujus for High sticking.
17:06 of 2nd period - Adam Ruzicka wins face-off versus Noah Gregor in Thunderbirds zone.
17:07 of 2nd period - Snap shot by Vinni Lettieri.
17:07 of 2nd period - Shot Misses the Net.
18:49 of 2nd period - Niko Mikkola is hit by Trey Fix-Wolansky and loses puck.
19:05 of 2nd period - Penalty to Dylan Blujus is over, Dylan Blujus is back on ice.
19:35 of 2nd period - Snap shot by Artturi Lehkonen.
19:35 of 2nd period - Shot Misses the Net.
19:39 of 2nd period - Wrist shot by Dylan Blujus.
19:39 of 2nd period - Deflect By Trey Fix-Wolansky.
19:39 of 2nd period - Shot Misses the Net.
19:39 of 2nd period - Puck is out of play.
19:40 of 2nd period - Vinni Lettieri wins face-off versus Anthony Richard in Punishers zone.
Goals for this period are 2 for Thunderbirds vs 0 for Punishers.
Shots for this period are 18 for Thunderbirds vs 4 for Punishers.
3rd period
0:01 of 3rd period - Daniel Audette wins face-off versus Rourke Chartier in neutral zone.
0:35 of 3rd period - Kole Lind is hit by Joachim Blichfeld and loses puck.
0:48 of 3rd period - Snap shot by Joachim Blichfeld.
0:48 of 3rd period - Goal by Joachim Blichfeld - Thunderbirds : 3 - Punishers : 0.
0:49 of 3rd period - Anthony Richard wins face-off versus Daniel Audette in neutral zone.
1:03 of 3rd period - Snap shot by Anthony Richard.
1:03 of 3rd period - Goal by Anthony Richard - Thunderbirds : 4 - Punishers : 0.
1:04 of 3rd period - Daniel Audette wins face-off versus Anthony Richard in neutral zone.
1:29 of 3rd period - Henri Jokiharju is hit by Adam Ruzicka and loses puck.
1:44 of 3rd period - Minor Penalty to Joachim Blichfeld for Hooking.
1:45 of 3rd period - Daniel Audette wins face-off versus Noah Gregor in Thunderbirds zone.
1:48 of 3rd period - Wrist shot by Kurtis Gabriel.
1:48 of 3rd period - Shot Misses the Net.
1:50 of 3rd period - Slapshot by Ben Betker.
1:50 of 3rd period - Shot Blocked by Pierre Engvall.
1:52 of 3rd period - Snap shot by Daniel Audette.
1:52 of 3rd period - Shot Blocked by Noah Gregor.
2:00 of 3rd period - Wrist shot by Daniel Audette.
2:00 of 3rd period - Shot Misses the Net.
2:55 of 3rd period - Minor Penalty to Adam Ruzicka for Roughing.
2:56 of 3rd period - Rourke Chartier wins face-off versus Daniel Audette in Punishers zone.
2:56 of 3rd period - Snap shot by Michael Rasmussen.
2:56 of 3rd period - Shot Misses the Net.
3:06 of 3rd period - Wrist shot by Daniel Audette.
3:06 of 3rd period - Stopped by Marc-André Fleury without a rebound.
3:07 of 3rd period - Rourke Chartier wins face-off versus Daniel Audette in Thunderbirds zone.
3:20 of 3rd period - Slapshot by Rourke Chartier.
3:20 of 3rd period - Goal by Rourke Chartier - Thunderbirds : 5 - Punishers : 0.
3:21 of 3rd period - Daniel Audette wins face-off versus Rourke Chartier in neutral zone.
3:44 of 3rd period - Penalty to Joachim Blichfeld is over, Joachim Blichfeld is back on ice.
4:00 of 3rd period - Slapshot by Joachim Blichfeld.
4:00 of 3rd period - Shot Blocked by Ben Betker.
4:18 of 3rd period - Wrist shot by Ben Betker.
4:18 of 3rd period - Stopped by Marc-André Fleury with a rebound.
4:46 of 3rd period - Wrist shot by Rourke Chartier.
4:46 of 3rd period - Shot Misses the Net.
4:55 of 3rd period - Penalty to Adam Ruzicka is over, Adam Ruzicka is back on ice.
5:31 of 3rd period - Snap shot by Joachim Blichfeld.
5:31 of 3rd period - Shot Blocked by Nelson Nogier.
5:35 of 3rd period - Snap shot by Joachim Blichfeld.
5:35 of 3rd period - Stopped by Cal Petersen without a rebound.
5:36 of 3rd period - Noah Gregor wins face-off versus Ryan Suzuki in Punishers zone.
5:39 of 3rd period - Wrist shot by Artturi Lehkonen.
5:39 of 3rd period - Stopped by Cal Petersen without a rebound.
5:40 of 3rd period - Ryan Suzuki wins face-off versus Noah Gregor in Punishers zone.
5:49 of 3rd period - Snap shot by Braden Tracey.
5:49 of 3rd period - Stopped by Marc-André Fleury without a rebound.
5:50 of 3rd period - Noah Gregor wins face-off versus Adam Ruzicka in Thunderbirds zone.
6:15 of 3rd period - Frederic Allard is hit by Noah Juulsen and loses puck.
6:22 of 3rd period - Wrist shot by Jesse Ylonen.
6:22 of 3rd period - Stopped by Marc-André Fleury without a rebound.
6:23 of 3rd period - Trey Fix-Wolansky wins face-off versus Daniel Audette in Thunderbirds zone.
6:36 of 3rd period - Wrist shot by Kurtis Gabriel.
6:36 of 3rd period - Shot Misses the Net.
6:38 of 3rd period - Wrist shot by Kurtis Gabriel.
6:38 of 3rd period - Goal by Kurtis Gabriel - Thunderbirds : 5 - Punishers : 1.
6:39 of 3rd period - Noah Gregor wins face-off versus Daniel Audette in neutral zone.
6:46 of 3rd period - Snap shot by Artturi Lehkonen.
6:46 of 3rd period - Stopped by Cal Petersen with a rebound.
6:58 of 3rd period - Minor Penalty to Dylan Blujus for Slashing.
6:59 of 3rd period - Noah Gregor wins face-off versus Daniel Audette in Thunderbirds zone.
7:08 of 3rd period - Slapshot by Ben Betker.
7:08 of 3rd period - Goal by Ben Betker - Thunderbirds : 5 - Punishers : 2.
7:09 of 3rd period - Daniel Audette wins face-off versus Anthony Richard in neutral zone.
7:22 of 3rd period - Backhand shot by Oskar Lindblom.
7:22 of 3rd period - Deflect By Kurtis Gabriel.
7:22 of 3rd period - Shot Hit the Post.
7:22 of 3rd period - Puck is out of play.
7:23 of 3rd period - Adam Ruzicka wins face-off versus Rourke Chartier in Thunderbirds zone.
7:39 of 3rd period - Slapshot by Vinni Lettieri.
7:39 of 3rd period - Shot Blocked by Pierre Engvall.
7:53 of 3rd period - Kole Lind is hit by Anthony Richard and loses puck.
8:07 of 3rd period - Minor Penalty to Michael Rasmussen for Tripping.
8:08 of 3rd period - Kurtis Gabriel wins face-off versus Noah Gregor in Thunderbirds zone.
8:17 of 3rd period - Wrist shot by Oskar Lindblom.
8:17 of 3rd period - Goal by Oskar Lindblom - Thunderbirds : 5 - Punishers : 3.
8:18 of 3rd period - Daniel Audette wins face-off versus Anthony Richard in neutral zone.
8:49 of 3rd period - Nelson Nogier is hit by Joachim Blichfeld and loses puck.
9:08 of 3rd period - Matt Roy is hit by Kole Lind and loses puck.
9:15 of 3rd period - Snap shot by Kole Lind.
9:15 of 3rd period - Goal by Kole Lind - Thunderbirds : 5 - Punishers : 4.
9:16 of 3rd period - Anthony Richard wins face-off versus Daniel Audette in neutral zone.
9:21 of 3rd period - Wrist shot by Anthony Richard.
9:21 of 3rd period - Stopped by Cal Petersen with a rebound.
9:46 of 3rd period - Henri Jokiharju is hit by Adam Ruzicka and loses puck.
10:05 of 3rd period - Artturi Lehkonen is hit by Ben Meyers and loses puck.
11:33 of 3rd period - Off-side.
11:34 of 3rd period - Ben Meyers wins face-off versus Anthony Richard in neutral zone.
11:37 of 3rd period - Dylan Sikura is hit by Ben Meyers and loses puck.
11:44 of 3rd period - Snap shot by Joel Kiviranta.
11:44 of 3rd period - Stopped by Marc-André Fleury with a rebound.
11:46 of 3rd period - Snap shot by Joel Kiviranta.
11:46 of 3rd period - Deflect By Anthony Richard.
11:46 of 3rd period - Shot Hit the Post.
11:46 of 3rd period - Puck is out of play.
11:47 of 3rd period - Daniel Audette wins face-off versus Rourke Chartier in Thunderbirds zone.
11:48 of 3rd period - Wrist shot by Kurtis Gabriel.
11:48 of 3rd period - Stopped by Marc-André Fleury with a rebound.
11:50 of 3rd period - Snap shot by Oskar Lindblom.
11:50 of 3rd period - Shot Misses the Net.
11:52 of 3rd period - Snap shot by Oskar Lindblom.
11:52 of 3rd period - Shot Blocked by Henri Jokiharju.
11:54 of 3rd period - Wrist shot by Daniel Audette.
11:54 of 3rd period - Goal by Daniel Audette - Thunderbirds : 5 - Punishers : 5.
11:55 of 3rd period - Daniel Audette wins face-off versus Rourke Chartier in neutral zone.
12:10 of 3rd period - Snap shot by Kurtis Gabriel.
12:10 of 3rd period - Shot Blocked by Rourke Chartier.
12:26 of 3rd period - Minor Penalty to Michael Rasmussen for Holding.
12:27 of 3rd period - Noah Gregor wins face-off versus Daniel Audette in Thunderbirds zone.
14:08 of 3rd period - Noah Juulsen is hit by Dylan Sikura and loses puck.
14:23 of 3rd period - Slapshot by Ben Betker.
14:23 of 3rd period - Shot Misses the Net.
14:26 of 3rd period - Penalty to Michael Rasmussen is over, Michael Rasmussen is back on ice.
14:45 of 3rd period - Ryan Suzuki is hit by Dylan Sikura and loses puck.
14:59 of 3rd period - Icing by Pierre Engvall.
15:00 of 3rd period - Ben Meyers wins face-off versus Rourke Chartier in Thunderbirds zone.
15:01 of 3rd period - Slapshot by Kole Lind.
15:01 of 3rd period - Stopped by Marc-André Fleury without a rebound.
15:02 of 3rd period - Rourke Chartier wins face-off versus Ben Meyers in Thunderbirds zone.
15:11 of 3rd period - Ben Meyers is hit by Joachim Blichfeld.
15:39 of 3rd period - Slapshot by Joel Kiviranta.
15:39 of 3rd period - Shot Misses the Net.
15:47 of 3rd period - Joel Kiviranta is hit by Rourke Chartier and loses puck.
16:00 of 3rd period - Slapshot by Rourke Chartier.
16:00 of 3rd period - Shot Misses the Net.
16:02 of 3rd period - Snap shot by Pierre Engvall.
16:02 of 3rd period - Shot Misses the Net.
16:04 of 3rd period - Slapshot by Dylan Blujus.
16:04 of 3rd period - Stopped by Cal Petersen without a rebound.
16:05 of 3rd period - Noah Gregor wins face-off versus Daniel Audette in Punishers zone.
16:30 of 3rd period - Anthony Richard is hit by Noah Juulsen and loses puck.
17:59 of 3rd period - Emil Bemstrom is hit by Nelson Nogier and loses puck.
18:33 of 3rd period - Ben Meyers is hit by Trey Fix-Wolansky.
18:47 of 3rd period - Ben Betker is hit by Matt Roy and loses puck.
Goals for this period are 3 for Thunderbirds vs 5 for Punishers.
Shots for this period are 8 for Thunderbirds vs 12 for Punishers.
Overtime #1
0:01 of 1st overtime period - Rourke Chartier wins face-off versus Oskar Lindblom in neutral zone.
0:36 of 1st overtime period - Wrist shot by Vinni Lettieri.
0:36 of 1st overtime period - Stopped by Marc-André Fleury with a rebound.
0:38 of 1st overtime period - Slapshot by Noah Juulsen.
0:38 of 1st overtime period - Deflect By Jeremy Lauzon.
0:38 of 1st overtime period - Stopped by Marc-André Fleury with a rebound.
2:00 of 1st overtime period - Snap shot by Anthony Richard.
2:00 of 1st overtime period - Goal by Anthony Richard - Thunderbirds : 6 - Punishers : 5.
Goals for this period are 1 for Thunderbirds vs 0 for Punishers.
Shots for this period are 1 for Thunderbirds vs 2 for Punishers.